 Dungeon Crawl Stone Soup version 0.20.1-1-g8b1a95d (webtiles) character file.

43 Lanoc the Scratcher (level 3, -5/16 HPs)
             Began as a Felid Transmuter on Nov 29, 2017.
             Slain by a bullfrog (6 damage)
             ... on level 3 of the Dungeon.
             The game lasted 00:08:27 (1994 turns).

Lanoc the Scratcher (Felid Transmuter)              Turns: 1994, Time: 00:08:27

Health: -5/16      AC:  1    Str:  6    XL:     3   Next: 37%
Magic:  6/7        EV: 24    Int: 15    God:
Gold:   97         SH:  0    Dex: 21    Spells: 3/6 levels left
                                        Lives:  0   Deaths: 0

rFire    . . .     SeeInvis +     - Unarmed
rCold    . . .     Gourm    .   (shield unavailable)
rNeg     . . .     Faith    .   (armour unavailable)
rPois    .         Spirit   .   (helmet unavailable)
rElec    .         Reflect  .   (cloak unavailable)
rCorr    .         Harm     .   (gloves unavailable)
MR       .....                  (boots unavailable)
Stlth    +++.......             (no amulet)
Regen    0.1/turn               (no ring)
MPRegen  0.1/turn               (no ring)

@: agile, appendage, quick
A: no armour, no weapons or thrown items, stealth, claws 1, fangs 3, horns 2,
see invisible, carnivore 3, speed 1, shaggy fur 1, slow metabolism 1, sharp paws
a: End Transformation


You were on level 3 of the Dungeon.
You were completely stuffed.
You had grown temporary horns.
You visited 1 branch of the dungeon, and saw 3 of its levels.

You collected 97 gold pieces.

Inventory:

Missiles
 a - an arrow
Scrolls
 g - a scroll of blinking {unknown}
 j - a scroll of teleportation {unknown}
 k - a scroll of fog {unknown}
 m - a scroll of identify {unknown}
 n - a scroll of random uselessness {unknown}
Potions
 e - a potion of flight {unknown}
 f - a potion of resistance {unknown}
 h - a potion of magic {unknown}
 i - a potion of heal wounds {unknown}
Books
 b - a book of Changes

   Spells                             Type                      Level
   a - Beastly Appendage              Transmutation                1
   b - Sticks to Snakes               Transmutation                2
   c - Spider Form                    Transmutation/Poison         3
   d - Ice Form                       Ice/Transmutation            4
   e - Blade Hands                    Transmutation                5
Comestibles
 c - 3 meat rations
 l - 5 chunks of flesh


   Skills:
 + Level 1.9 Fighting
 + Level 3.1 Dodging
 + Level 1.1 Stealth
 + Level 3.2 Unarmed Combat
 + Level 2.2 Spellcasting
 * Level 2.8 Transmutations


You had 3 spell levels left.
You knew the following spells:

 Your Spells              Type           Power        Failure   Level  Hunger
a - Beastly Appendage     Tmut           ##....       7%          1    #......
b - Sticks to Snakes      Tmut           ##......     11%         2    ###....


Dungeon Overview and Level Annotations

Branches:
Dungeon (3/15)

Altars:
Makhleb
Vehumet

Annotations:
D:3 1 runed door, Lanoc's ghost, amateur HOHu


Innate Abilities, Weirdness & Mutations

You cannot wear armour.
You are incapable of wielding weapons or throwing items.
Your paws allow you to move quietly. (Stealth)
You have sharp claws.
You have razor-sharp teeth.
You have supernaturally acute eyesight. (SInv)
You are carnivorous and can eat meat at any time.
You cover ground quickly.
You are covered in fur. (AC +1)
You have a slow metabolism.
Your sharp claws are effective at attacking unaware monsters.
You have a pair of horns on your head.


Message History

Your transformation is almost over.
l - 5 chunks of flesh (gained 1)
A bullfrog comes into view.
Your horns disappear.
The bullfrog croaks.
You hear a shout!
The bullfrog hits you.
A kobold comes into view. It is wielding a dagger.
The bullfrog hits you.
Casting: Beastly Appendage
Confirm with . or Enter, or press ? or * to list all spells.
You grow a pair of large bovine horns.
The bullfrog misses you.
You barely miss the bullfrog. The bullfrog barely misses you.
The bullfrog completely misses you.
You closely miss the bullfrog. The bullfrog misses you.
You closely miss the bullfrog. The bullfrog hits you!
* * * LOW HITPOINT WARNING * * *
It was a potion of agility.
You feel agile all of a sudden. The bullfrog hits you.
You die...

###.### #.....#
#.#.#.#######
#.#..........
#.###.####### #.#
#.# #.###.##### #
#.........# K#
#.#######@# ##. #.#
#F# .. #.#
#####.###.# #.#
#.....K.#.#.### #.#
#÷###.#.......#
#.###÷###.###.....#
#.........# .......
## #####.#####
#...... . #....#
#.#### ####


You could see a bullfrog and a kobold.

Vanquished Creatures
  An adder (D:3)
  A leopard gecko (D:1)
  3 bats
  A giant cockroach (D:1)
  4 goblins (D:1)
  5 hobgoblins
  2 quokkas (D:3)
  A frilled lizard (D:1)
  3 kobolds (D:1)
  8 rats
29 creatures vanquished.

Vanquished Creatures (collateral kills)
  A leopard gecko (D:3)
  2 hobgoblins (D:3)
  A frilled lizard (D:3)
4 creatures vanquished.

Grand Total: 33 creatures vanquished

Notes
Turn   | Place    | Note
-------+----------+-------------------------------------------
     0 | D:1      | Lanoc the Felid Transmuter began the quest for the Orb.
     0 | D:1      | Reached XP level 1. HP: 9/9 MP: 4/4
    63 | D:1      | Reached skill level 1 in Stealth
   103 | D:1      | Reached XP level 2. HP: 12/12 MP: 4/6
   107 | D:1      | Learned a level 2 spell: Sticks to Snakes
   732 | D:1      | You fall through a shaft!
  1044 | D:2      | Reached XP level 3. HP: 15/15 MP: 5/7
  1051 | D:2      | Found a radiant altar of Vehumet.
  1051 | D:2      | Found a burning altar of Makhleb.
  1265 | D:3      | Noticed Lanoc's ghost (amateur HOHu)
  1481 | D:3      | Found a runed door.
  1981 | D:3      | Noticed a bullfrog
  1994 | D:3      | Slain by a bullfrog

Skill      XL: |  1  2 |
---------------+-------+-----
Stealth        | 1 |  1.1
Dodging        | 3 |  3.1
Fighting       | |  1.9
Unarmed Combat | |  3.2
Spellcasting   | |  2.2
Transmutations | |  2.8

Action                   || total
-------------------------++-------
Melee: Unarmed           ||    85
       Headbutt          ||    11
       Bite              ||     5
       Punch             ||     2
 Cast: Beastly Appendage ||    23
       Sticks to Snakes  ||    11
  Use: Potion            ||     1
 Stab: Sleeping          ||     3
  Eat: Chunk             ||    10
Armor: Skin              ||     3
Dodge: Dodged            ||    64
